[ AOE2 MATCH · #478761834 ]
UnrankedHuns vs Celts
[ REPLAY ANALYSIS · EXTRACTED FROM THE RECORDED GAME ]
Feudal
5:23
Castle
21:16
Imperial
—
| APM avg | 19.1 |
| APM peak | 59 |
| eAPM avg | 11.9 |
| Villagers / military | 138 / 682 |
Focus
⚔️ 54.6% · 🌾 45.4%
Fire Galley ×234 · Tarkan ×212 · Knight ×86 · Cavalry Archer ×65 · Battering Ram ×45 · Trade Cart ×27
Feudal
9:59
Castle
38:13
Imperial
—
| APM avg | 15.3 |
| APM peak | 44 |
| eAPM avg | 12.1 |
| Villagers / military | 234 / 442 |
Focus
⚔️ 52.7% · 🌾 47.3%
Chu Ko Nu ×124 · Fire Lancer ×110 · Unknown (1948) ×74 · Iron Pagoda ×48 · Battering Ram ×42 · Fire Galley ×40
Feudal
9:36
Castle
25:13
Imperial
—
| APM avg | 21.6 |
| APM peak | 75 |
| eAPM avg | 15.5 |
| Villagers / military | 187 / 1830 |
Focus
⚔️ 52.2% · 🌾 47.8%
Woad Raider ×1194 · Cavalry Archer ×466 · Skirmisher ×130 · Trebuchet (Packed) ×33 · Trade Cart ×23 · Trade Cog ×14
Feudal
5:35
Castle
25:42
Imperial
—
| APM avg | 9.5 |
| APM peak | 28 |
| eAPM avg | 8.0 |
| Villagers / military | 177 / 487 |
Focus
⚔️ 50.3% · 🌾 49.7%
War Elephant ×243 · Fire Galley ×92 · Camel Scout ×50 · Cannon Galleon ×49 · Bombard Cannon ×30 · Trade Cog ×27
Feudal
7:33
Castle
27:45
Imperial
—
| APM avg | 3.8 |
| APM peak | 22 |
| eAPM avg | 3.5 |
| Villagers / military | 130 / 122 |
Focus
⚔️ 42.6% · 🌾 57.4%
Fishing Ship ×51 · Cannon Galleon ×35 · Knight ×28 · Scorpion ×27 · Woad Raider ×23 · Trade Cart ×8
Feudal
12:49
Castle
27:10
Imperial
—
| APM avg | 25.1 |
| APM peak | 70 |
| eAPM avg | 20.2 |
| Villagers / military | 189 / 1185 |
Focus
⚔️ 60.5% · 🌾 39.5%
Knight ×515 · Spearman ×225 · Fire Galley ×194 · Scout Cavalry ×160 · Trade Cart ×85 · Kipchak ×40
Feudal
10:26
Castle
42:14
Imperial
—
| APM avg | 15.2 |
| APM peak | 98 |
| eAPM avg | 9.7 |
| Villagers / military | 51 / 119 |
Focus
⚔️ 37.2% · 🌾 62.8%
Keshik ×65 · Unknown (1263) ×51 · Steppe Lancer ×35 · Unknown (1260) ×23 · Cannon Galleon ×17 · Trade Cart ×15
Feudal
9:13
Castle
25:49
Imperial
—
| APM avg | 30.8 |
| APM peak | 104 |
| eAPM avg | 27.3 |
| Villagers / military | 209 / 1365 |
Focus
⚔️ 61.8% · 🌾 38.2%
Camel Scout ×214 · Shrivamsha Rider ×163 · Scorpion ×161 · Unknown (1260) ×142 · Bombard Cannon ×106 · Archer ×102
Match map
Initial resources + every placement click. Lines = walls · curves = elevation contours. ◆ gold · ⬟ stone · ● berries · ✦ relic · ◌ wall gap
Your base· ✓ Map-separated
kizilviran's base· ✓ Map-separated
yusufbiceri's base· ✓ Map-separated
GOAT's base· ✓ Map-separated
Vincentimes's base· ✓ Map-separated
Robertmeister's base· ✓ Map-separated
edmundleung0814's base· ✓ Map-separated
Kib's base· ✓ Map-separated
Smoothed initial terrain · ◌ = detected wall gap · hover for details
Inputs per minute
— KABUSS - - kizilviran
Build order — KABUSS
First 150 of 755 actions detected
| 0:04 | Create | Villager (Male) |
| 0:04 | Create | Villager (Male) |
| 0:04 | Create | Villager (Male) |
| 0:04 | Create | Villager (Male) |
| 0:16 | Build | Dock |
| 1:05 | Build | Market |
| 1:15 | Build | Stable |
| 1:20 | Create | Fishing Ship |
| 1:20 | Create | Fishing Ship |
| 1:25 | Build | Mining Camp |
| 1:40 | Create | Villager (Male) |
| 1:53 | Build | Dock |
| 2:17 | Create | Villager (Male) |
| 2:40 | Build | Archery Range |
| 2:43 | Research | Castle Age |
| 3:07 | Create | Trade Cart |
| 3:15 | Create | Fishing Ship |
| 3:16 | Create | Fishing Ship |
| 3:25 | Build | Outpost |
| 3:36 | Research | Double-Bit Axe |
| 3:39 | Research | Horse Collar |
| 3:46 | Create | Scout Cavalry |
| 3:59 | Create | Villager (Male) |
| 3:59 | Create | Villager (Male) |
| 4:21 | Build | Dock |
| 5:00 | Create | Transport Ship |
| 5:08 | Create | Fishing Ship |
| 5:08 | Create | Fishing Ship |
| 5:10 | Research | Tech 906 |
| 5:23 | Age | Feudal Age |
| 5:44 | Build | Town Center |
| 5:51 | Create | Villager (Male) |
| 5:52 | Create | Villager (Male) |
| 5:54 | Research | Town Watch |
| 7:07 | Build | Watch Tower |
| 7:15 | Create | Villager (Male) |
| 7:18 | Research | Wheelbarrow |
| 7:18 | Create | Villager (Male) |
| 7:35 | Build | Town Center |
| 7:47 | Create | Villager (Male) |
| 8:17 | Research | Stone Mining |
| 8:21 | Research | Bow Saw |
| 8:38 | Build | Farm |
| 8:40 | Build | Farm |
| 8:41 | Build | Farm |
| 8:43 | Build | Farm |
| 8:44 | Build | Farm |
| 8:45 | Build | Farm |
| 8:47 | Build | Farm |
| 8:49 | Build | Farm |
| 8:54 | Create | Villager (Male) |
| 8:54 | Create | Villager (Male) |
| 8:54 | Create | Villager (Male) |
| 8:59 | Create | Villager (Male) |
| 9:14 | Research | Gold Mining |
| 9:30 | Build | Mining Camp |
| 9:48 | Create | Villager (Male) |
| 9:48 | Create | Villager (Male) |
| 9:48 | Create | Villager (Male) |
| 9:49 | Create | Villager (Male) |
| 9:52 | Create | Villager (Male) |
| 9:53 | Create | Villager (Male) |
| 10:02 | Build | Farm |
| 10:03 | Build | Farm |
| 10:04 | Build | Farm |
| 10:06 | Build | Farm |
| 10:10 | Create | Villager (Male) |
| 10:11 | Create | Villager (Male) |
| 10:11 | Create | Villager (Male) |
| 10:12 | Create | Villager (Male) |
| 10:19 | Build | Farm |
| 10:23 | Create | Villager (Male) |
| 10:23 | Create | Villager (Male) |
| 10:41 | Build | Mining Camp |
| 10:45 | Research | Caravan |
| 10:46 | Create | Trade Cart |
| 10:53 | Build | Farm |
| 11:00 | Create | Villager (Male) |
| 11:07 | Build | Farm |
| 11:32 | Create | Villager (Male) |
| 11:37 | Build | Farm |
| 11:42 | Research | Heavy Plow |
| 11:51 | Build | Farm |
| 11:55 | Create | Villager (Male) |
| 11:55 | Create | Villager (Male) |
| 12:17 | Create | Villager (Male) |
| 12:18 | Create | Villager (Male) |
| 12:27 | Create | Villager (Male) |
| 12:27 | Create | Villager (Male) |
| 12:45 | Build | Town Center |
| 12:55 | Build | Lumber Camp |
| 13:02 | Build | Lumber Camp |
| 13:18 | Build | Farm |
| 13:21 | Create | Villager (Male) |
| 13:22 | Create | Villager (Male) |
| 13:32 | Create | Villager (Male) |
| 13:33 | Create | Villager (Male) |
| 13:33 | Create | Villager (Male) |
| 13:34 | Create | Villager (Male) |
| 13:46 | Build | Mining Camp |
| 13:54 | Build | Farm |
| 14:03 | Research | War Galley (upgrade) |
| 14:04 | Research | Gillnets |
| 14:12 | Build | Mining Camp |
| 14:21 | Create | Villager (Male) |
| 14:21 | Create | Villager (Male) |
| 14:26 | Research | Bloodlines |
| 14:26 | Research | Husbandry |
| 14:35 | Build | Farm |
| 14:43 | Build | Farm |
| 14:55 | Build | Farm |
| 14:56 | Build | Farm |
| 14:57 | Build | Farm |
| 14:59 | Build | Farm |
| 15:00 | Build | Farm |
| 15:01 | Build | Farm |
| 15:03 | Build | Farm |
| 15:04 | Build | Farm |
| 15:05 | Build | Farm |
| 15:08 | Build | Farm |
| 15:09 | Build | Farm |
| 15:10 | Build | Farm |
| 15:12 | Build | Farm |
| 15:14 | Build | Farm |
| 15:15 | Build | Farm |
| 15:19 | Create | Villager (Male) |
| 15:20 | Create | Villager (Male) |
| 15:20 | Create | Villager (Male) |
| 15:20 | Create | Villager (Male) |
| 15:21 | Create | Villager (Male) |
| 15:21 | Create | Villager (Male) |
| 15:36 | Build | Mining Camp |
| 15:45 | Build | Mining Camp |
| 15:57 | Build | University |
| 16:08 | Create | Villager (Male) |
| 16:08 | Create | Villager (Male) |
| 16:11 | Research | Town Patrol |
| 16:12 | Research | Hand Cart |
| 16:26 | Build | Mining Camp |
| 16:36 | Research | Gold Shaft Mining |
| 16:43 | Research | Murder Holes |
| 16:44 | Research | Tech 908 |
| 16:57 | Build | Monastery |
| 16:58 | Build | Monastery |
| 17:08 | Create | Villager (Male) |
| 17:09 | Create | Villager (Male) |
| 17:41 | Build | Watch Tower |
| 17:51 | Build | Watch Tower |
| 18:01 | Create | Villager (Male) |
| 18:01 | Create | Villager (Male) |
Build order — kizilviran
First 150 of 849 actions detected
| 0:03 | Create | Villager (Male) |
| 0:03 | Create | Villager (Male) |
| 0:17 | Build | Market |
| 0:28 | Build | House |
| 0:29 | Build | House |
| 0:53 | Create | Villager (Male) |
| 0:54 | Create | Villager (Male) |
| 1:02 | Research | Horse Collar |
| 1:04 | Research | Double-Bit Axe |
| 1:09 | Create | Spearman |
| 1:09 | Create | Spearman |
| 1:09 | Create | Spearman |
| 1:26 | Build | Stone Wall |
| 1:29 | Build | Gate |
| 1:34 | Build | House |
| 1:35 | Build | House |
| 1:52 | Build | Mining Camp |
| 2:13 | Build | Dock |
| 2:27 | Create | Villager (Male) |
| 2:32 | Build | House |
| 2:57 | Build | Dock |
| 3:03 | Build | House |
| 3:04 | Build | House |
| 3:05 | Build | House |
| 3:06 | Build | House |
| 3:12 | Create | Spearman |
| 3:19 | Research | Tech 906 |
| 3:20 | Create | Fishing Ship |
| 3:20 | Create | Fishing Ship |
| 3:43 | Create | Villager (Male) |
| 3:45 | Research | Wheelbarrow |
| 4:04 | Build | Dock |
| 4:05 | Create | Transport Ship |
| 4:36 | Create | Trade Cart |
| 5:18 | Create | Villager (Male) |
| 5:22 | Build | Farm |
| 5:24 | Build | Farm |
| 5:26 | Build | Farm |
| 5:26 | Build | Farm |
| 6:10 | Build | Stone Wall |
| 6:25 | Create | Trade Cart |
| 6:30 | Create | Fishing Ship |
| 6:31 | Create | Fishing Ship |
| 6:32 | Create | Fishing Ship |
| 7:19 | Research | Castle Age |
| 7:58 | Create | Trade Cart |
| 8:15 | Build | House |
| 8:17 | Build | House |
| 8:26 | Build | Stone Wall |
| 8:55 | Research | Gold Mining |
| 8:55 | Research | Stone Mining |
| 9:05 | Build | Stone Wall |
| 9:09 | Build | Gate |
| 9:20 | Build | Stable |
| 9:59 | Age | Feudal Age |
| 10:02 | Create | Scout Cavalry |
| 10:02 | Create | Scout Cavalry |
| 10:02 | Create | Scout Cavalry |
| 10:05 | Research | Husbandry |
| 10:09 | Build | House |
| 10:10 | Build | House |
| 10:25 | Build | Town Center |
| 10:42 | Research | Light Cavalry (upgrade) |
| 11:09 | Build | Stone Wall |
| 11:14 | Build | Gate |
| 11:18 | Build | House |
| 11:19 | Build | House |
| 11:30 | Create | Scout Cavalry |
| 11:32 | Create | Villager (Male) |
| 11:35 | Research | Hand Cart |
| 11:35 | Create | Villager (Male) |
| 11:36 | Create | Villager (Male) |
| 11:52 | Build | Castle |
| 11:54 | Create | Villager (Male) |
| 11:54 | Create | Villager (Male) |
| 12:01 | Build | Town Center |
| 12:04 | Create | Villager (Male) |
| 12:04 | Create | Villager (Male) |
| 12:37 | Build | House |
| 12:38 | Build | House |
| 12:40 | Create | Villager (Male) |
| 12:41 | Create | Villager (Male) |
| 13:09 | Create | Knight |
| 13:09 | Research | Bloodlines |
| 13:12 | Create | Villager (Male) |
| 13:13 | Create | Villager (Male) |
| 13:14 | Research | Town Watch |
| 13:18 | Research | Heavy Plow |
| 13:21 | Create | Villager (Male) |
| 13:23 | Create | Villager (Male) |
| 13:44 | Create | Knight |
| 13:52 | Build | House |
| 13:53 | Build | House |
| 13:54 | Create | Villager (Male) |
| 13:54 | Create | Villager (Male) |
| 13:55 | Create | Villager (Male) |
| 14:02 | Create | Villager (Male) |
| 14:27 | Create | Trade Cart |
| 14:29 | Create | Villager (Male) |
| 14:29 | Create | Villager (Male) |
| 14:30 | Create | Villager (Male) |
| 14:46 | Build | Town Center |
| 15:15 | Build | House |
| 15:16 | Build | House |
| 15:17 | Create | Villager (Male) |
| 15:18 | Create | Villager (Male) |
| 15:18 | Create | Villager (Male) |
| 15:32 | Research | Fletching |
| 15:32 | Research | Padded Archer Armor |
| 15:33 | Create | Villager (Male) |
| 15:44 | Build | Farm |
| 15:47 | Build | Farm |
| 15:48 | Create | Villager (Male) |
| 16:05 | Build | Farm |
| 16:07 | Build | Farm |
| 16:08 | Create | Villager (Male) |
| 16:09 | Create | Villager (Male) |
| 16:18 | Create | Scout Cavalry |
| 16:19 | Create | Scout Cavalry |
| 16:24 | Research | Great Wall |
| 16:35 | Build | Mining Camp |
| 16:43 | Build | Stone Wall |
| 16:49 | Create | Villager (Male) |
| 16:49 | Create | Villager (Male) |
| 16:50 | Create | Villager (Male) |
| 16:54 | Build | Mining Camp |
| 17:00 | Build | House |
| 17:02 | Build | House |
| 17:08 | Build | Monastery |
| 17:13 | Build | University |
| 17:14 | Create | Villager (Male) |
| 17:14 | Create | Villager (Male) |
| 17:15 | Create | Villager (Male) |
| 17:15 | Create | Villager (Male) |
| 17:27 | Create | Knight |
| 17:35 | Create | Trade Cart |
| 17:43 | Create | Villager (Male) |
| 17:43 | Create | Villager (Male) |
| 17:44 | Create | Villager (Male) |
| 17:45 | Create | Villager (Male) |
| 18:18 | Create | Villager (Male) |
| 18:18 | Create | Villager (Male) |
| 18:19 | Create | Villager (Male) |
| 18:19 | Create | Villager (Male) |
| 18:26 | Create | Villager (Male) |
| 18:32 | Create | Villager (Male) |
| 18:37 | Create | Villager (Male) |
| 18:38 | Create | Villager (Male) |
| 18:39 | Create | Trade Cart |
| 18:48 | Build | Farm |
Build order — yusufbiceri
First 150 of 820 actions detected
| 0:15 | Create | Villager (Male) |
| 0:16 | Create | Villager (Male) |
| 0:16 | Create | Villager (Male) |
| 0:16 | Create | Villager (Male) |
| 0:16 | Create | Villager (Male) |
| 0:17 | Create | Villager (Male) |
| 0:17 | Create | Villager (Male) |
| 0:17 | Create | Villager (Male) |
| 0:17 | Create | Villager (Male) |
| 0:18 | Create | Villager (Male) |
| 0:18 | Create | Villager (Male) |
| 0:18 | Create | Villager (Male) |
| 0:26 | Build | House |
| 0:27 | Build | House |
| 0:28 | Build | House |
| 0:28 | Build | House |
| 0:29 | Build | House |
| 0:29 | Build | House |
| 0:39 | Build | Farm |
| 0:40 | Build | Farm |
| 1:24 | Build | Market |
| 1:26 | Build | Market |
| 1:46 | Build | Farm |
| 2:01 | Build | Mining Camp |
| 2:20 | Create | Villager (Male) |
| 2:20 | Create | Villager (Male) |
| 2:21 | Create | Villager (Male) |
| 2:21 | Create | Villager (Male) |
| 5:29 | Research | Castle Age |
| 6:39 | Build | House |
| 6:39 | Build | House |
| 6:39 | Build | House |
| 6:40 | Build | House |
| 6:41 | Build | House |
| 6:41 | Build | House |
| 6:41 | Build | House |
| 6:42 | Build | House |
| 7:11 | Build | Dock |
| 7:20 | Build | Dock |
| 7:24 | Create | Trade Cart |
| 7:25 | Create | Trade Cart |
| 7:25 | Create | Trade Cart |
| 7:26 | Create | Trade Cart |
| 7:45 | Research | Double-Bit Axe |
| 8:07 | Create | Transport Ship |
| 9:36 | Age | Feudal Age |
| 10:15 | Create | Villager (Male) |
| 10:15 | Create | Villager (Male) |
| 10:15 | Create | Villager (Male) |
| 10:15 | Create | Villager (Male) |
| 10:16 | Create | Villager (Male) |
| 10:16 | Create | Villager (Male) |
| 10:16 | Create | Villager (Male) |
| 10:16 | Create | Villager (Male) |
| 10:17 | Create | Villager (Male) |
| 10:17 | Create | Villager (Male) |
| 10:17 | Create | Villager (Male) |
| 10:25 | Build | Town Center |
| 10:32 | Build | Town Center |
| 10:53 | Build | Town Center |
| 11:20 | Build | House |
| 11:20 | Build | House |
| 11:21 | Build | House |
| 11:21 | Build | House |
| 11:21 | Build | House |
| 11:22 | Build | House |
| 11:22 | Build | House |
| 11:22 | Build | House |
| 11:22 | Build | House |
| 11:42 | Build | Farm |
| 11:43 | Build | Farm |
| 11:58 | Research | Bow Saw |
| 12:27 | Build | Monastery |
| 12:40 | Build | Monastery |
| 12:58 | Build | Lumber Camp |
| 13:07 | Create | Villager (Male) ×5 |
| 13:07 | Create | Villager (Male) ×5 |
| 13:07 | Create | Villager (Male) ×5 |
| 13:07 | Create | Villager (Male) ×5 |
| 13:24 | Build | Farm |
| 13:25 | Build | Farm |
| 13:31 | Build | Farm |
| 13:33 | Build | Farm |
| 13:52 | Create | Monk |
| 14:12 | Build | Monastery |
| 14:25 | Build | Farm |
| 14:29 | Build | Farm |
| 14:30 | Build | Farm |
| 14:40 | Create | Monk |
| 14:55 | Build | Mining Camp |
| 15:03 | Create | Villager (Male) ×5 |
| 15:04 | Create | Villager (Male) ×5 |
| 15:04 | Create | Villager (Male) ×5 |
| 15:19 | Build | Farm |
| 15:25 | Build | Farm |
| 15:27 | Build | Farm |
| 15:29 | Build | Farm |
| 15:30 | Build | Farm |
| 15:32 | Build | Farm |
| 15:38 | Create | Monk |
| 15:47 | Create | Monk |
| 16:13 | Build | Farm |
| 16:15 | Build | Farm |
| 16:19 | Build | Farm |
| 16:29 | Build | Farm |
| 16:30 | Build | Farm |
| 16:33 | Build | Farm |
| 16:36 | Build | Farm |
| 16:42 | Build | Farm |
| 16:47 | Create | Trade Cog |
| 16:47 | Create | Trade Cog |
| 16:47 | Create | Trade Cog |
| 16:47 | Create | Trade Cog |
| 16:48 | Create | Trade Cog ×5 |
| 16:49 | Create | Trade Cog ×5 |
| 17:23 | Create | Trade Cart ×2 |
| 17:23 | Create | Trade Cart ×2 |
| 17:35 | Create | Villager (Male) ×5 |
| 17:35 | Create | Villager (Male) ×5 |
| 17:35 | Create | Villager (Male) ×5 |
| 17:36 | Create | Villager (Male) ×5 |
| 17:36 | Create | Villager (Male) ×5 |
| 17:36 | Create | Villager (Male) ×5 |
| 18:16 | Build | Castle |
| 18:37 | Build | Farm |
| 18:40 | Build | Farm |
| 18:42 | Build | Farm |
| 19:27 | Create | Monk |
| 19:42 | Build | House |
| 19:42 | Build | House |
| 19:43 | Build | House |
| 19:43 | Build | House |
| 19:43 | Build | House |
| 19:44 | Build | House |
| 19:45 | Build | House |
| 19:45 | Build | House |
| 19:46 | Build | House |
| 19:46 | Build | House |
| 19:46 | Build | House |
| 19:46 | Build | House |
| 19:46 | Build | House |
| 19:47 | Build | House |
| 20:08 | Build | Farm |
| 20:10 | Build | Farm |
| 20:12 | Build | Farm |
| 20:40 | Build | Farm |
| 20:58 | Build | Town Center |
| 21:01 | Build | Farm |
| 21:02 | Build | Farm |
| 21:06 | Build | Farm |
Build order — GOAT
First 150 of 453 actions detected
| 0:03 | Create | Villager (Male) ×5 |
| 0:04 | Create | Villager (Male) ×5 |
| 0:04 | Create | Villager (Male) ×5 |
| 0:13 | Build | Market |
| 1:00 | Build | Mining Camp |
| 1:11 | Build | Farm |
| 2:13 | Create | Villager (Male) |
| 2:19 | Build | House |
| 2:28 | Create | Trade Cart |
| 2:54 | Build | House |
| 3:09 | Research | Castle Age |
| 3:31 | Create | Spearman |
| 3:31 | Create | Spearman |
| 3:50 | Build | House |
| 3:51 | Build | House |
| 3:53 | Build | House |
| 3:54 | Build | House |
| 4:47 | Research | Horse Collar |
| 4:50 | Research | Double-Bit Axe |
| 5:14 | Research | Stone Mining |
| 5:18 | Research | Gold Mining |
| 5:27 | Research | Scale Barding Armor |
| 5:35 | Age | Feudal Age |
| 5:37 | Create | Villager (Male) ×3 |
| 5:53 | Build | Farm |
| 6:01 | Build | Farm |
| 6:07 | Build | House |
| 6:08 | Build | House |
| 6:10 | Build | House |
| 6:11 | Build | House |
| 6:12 | Build | House |
| 6:19 | Build | Farm |
| 6:28 | Build | Farm |
| 6:41 | Build | Farm |
| 6:43 | Build | Farm |
| 6:51 | Create | Villager (Male) |
| 6:52 | Create | Villager (Male) ×3 |
| 7:03 | Build | Farm |
| 7:34 | Build | Dock |
| 7:51 | Research | Heavy Plow |
| 7:57 | Research | Bow Saw |
| 8:14 | Create | Villager (Male) |
| 8:46 | Build | Dock |
| 8:53 | Build | House |
| 8:59 | Build | House |
| 9:02 | Build | House |
| 9:06 | Build | House |
| 9:07 | Build | House |
| 9:08 | Build | House |
| 9:14 | Create | Villager (Male) ×5 |
| 9:46 | Build | Town Center |
| 10:02 | Create | Transport Ship |
| 10:09 | Build | Dock |
| 10:18 | Build | Dock |
| 10:38 | Create | Villager (Male) |
| 10:39 | Create | Villager (Male) |
| 10:39 | Create | Villager (Male) |
| 10:39 | Create | Villager (Male) |
| 10:40 | Create | Villager (Male) |
| 10:40 | Create | Villager (Male) |
| 11:18 | Build | Mining Camp |
| 11:35 | Build | Farm |
| 11:46 | Research | Stone Shaft Mining |
| 11:52 | Research | Gold Shaft Mining |
| 12:13 | Build | Farm |
| 12:19 | Build | Farm |
| 12:39 | Build | House |
| 12:40 | Build | House |
| 12:42 | Build | House |
| 12:43 | Build | House |
| 12:47 | Create | Trade Cart |
| 12:47 | Create | Trade Cart |
| 13:00 | Build | Farm |
| 13:02 | Build | Farm |
| 13:03 | Build | Farm |
| 13:07 | Build | Farm |
| 13:52 | Research | Wheelbarrow |
| 13:53 | Research | Town Watch |
| 13:54 | Create | Villager (Male) ×5 |
| 13:55 | Create | Villager (Male) ×3 |
| 14:04 | Create | Villager (Male) ×2 |
| 14:04 | Create | Villager (Male) ×2 |
| 15:00 | Build | Mining Camp |
| 15:06 | Create | Villager (Male) ×5 |
| 15:15 | Build | House |
| 15:16 | Build | House |
| 15:18 | Build | House |
| 15:19 | Build | House |
| 16:11 | Build | Farm |
| 16:13 | Build | Farm |
| 16:23 | Research | Hand Cart |
| 16:26 | Research | Town Patrol |
| 16:37 | Build | Farm |
| 16:57 | Create | Villager (Male) ×5 |
| 17:07 | Build | Mining Camp |
| 17:26 | Build | Stable |
| 17:41 | Build | Farm |
| 17:47 | Build | Farm |
| 17:49 | Build | Farm |
| 18:04 | Build | House |
| 18:05 | Build | House |
| 18:06 | Build | House |
| 18:08 | Build | House |
| 18:15 | Build | Farm |
| 18:23 | Build | Monastery |
| 18:41 | Create | Scout Cavalry ×5 |
| 19:11 | Create | Villager (Male) ×5 |
| 19:11 | Create | Villager (Male) ×5 |
| 19:15 | Create | Villager (Male) ×2 |
| 19:19 | Create | Villager (Male) ×5 |
| 19:20 | Create | Villager (Male) ×5 |
| 19:30 | Build | University |
| 19:33 | Create | Monk |
| 19:33 | Create | Monk |
| 20:10 | Build | Stone Wall |
| 20:25 | Build | Farm |
| 20:26 | Build | Farm |
| 20:45 | Build | Farm |
| 21:06 | Build | Farm |
| 21:16 | Build | Farm |
| 21:44 | Build | Castle |
| 21:58 | Build | Town Center |
| 22:10 | Build | Farm |
| 22:12 | Build | Farm |
| 22:14 | Build | Farm |
| 22:44 | Build | Town Center |
| 22:56 | Research | Imperial Age |
| 23:07 | Build | Mill |
| 23:18 | Build | Farm |
| 24:03 | Build | Mining Camp |
| 24:11 | Build | Farm |
| 24:19 | Build | Farm |
| 24:43 | Build | Castle |
| 24:58 | Build | Mining Camp |
| 25:18 | Build | House |
| 25:20 | Build | House |
| 25:21 | Build | House |
| 25:22 | Build | House |
| 25:30 | Build | Gate |
| 25:42 | Age | Castle Age |
| 25:58 | Build | Stone Wall |
| 26:37 | Create | Trade Cog ×5 |
| 26:37 | Create | Trade Cog ×5 |
| 26:51 | Build | Stone Wall |
| 27:30 | Build | Castle |
| 27:34 | Research | Conscription |
| 27:37 | Research | Elite War Elephant (upgrade) |
| 27:45 | Build | House |
| 27:46 | Build | House |
| 27:48 | Build | House |
Build order — Vincentimes
First 150 of 235 actions detected
| 0:06 | Create | Villager (Male) ×5 |
| 0:07 | Create | Villager (Male) ×5 |
| 0:07 | Create | Villager (Male) ×5 |
| 0:36 | Build | Mining Camp |
| 0:39 | Research | Stone Mining |
| 0:56 | Build | Market |
| 1:06 | Build | Blacksmith |
| 1:38 | Research | Double-Bit Axe |
| 2:06 | Build | Dock |
| 2:35 | Build | House |
| 2:36 | Build | House |
| 2:39 | Build | House |
| 2:40 | Build | House |
| 3:21 | Build | Dock |
| 3:22 | Build | Dock |
| 4:36 | Research | Castle Age |
| 4:46 | Research | Horse Collar |
| 4:58 | Build | Dock |
| 5:03 | Create | Fishing Ship |
| 5:13 | Research | Gold Mining |
| 7:33 | Age | Feudal Age |
| 18:30 | Build | Castle |
| 18:33 | Create | Fishing Ship ×5 |
| 18:33 | Create | Fishing Ship ×5 |
| 18:33 | Create | Fishing Ship ×5 |
| 18:34 | Create | Fishing Ship ×5 |
| 18:34 | Create | Fishing Ship ×5 |
| 18:47 | Build | Town Center |
| 18:56 | Build | Monastery |
| 19:12 | Build | Stone Wall |
| 19:19 | Build | Stone Wall |
| 19:22 | Build | Gate |
| 19:25 | Build | Gate |
| 19:34 | Build | Town Center |
| 19:36 | Create | Villager (Male) ×5 |
| 19:37 | Create | Villager (Male) ×5 |
| 19:37 | Create | Villager (Male) ×5 |
| 19:37 | Create | Villager (Male) ×5 |
| 19:44 | Research | Bow Saw |
| 19:46 | Research | Stone Shaft Mining |
| 19:47 | Research | Gold Shaft Mining |
| 20:00 | Build | Dock |
| 20:02 | Build | Dock |
| 20:03 | Build | Dock |
| 20:05 | Build | Dock |
| 20:22 | Create | Villager (Male) ×5 |
| 20:22 | Create | Villager (Male) ×5 |
| 20:22 | Create | Villager (Male) ×5 |
| 20:22 | Create | Villager (Male) ×5 |
| 20:29 | Create | Monk |
| 20:45 | Build | Mining Camp |
| 20:52 | Research | Tech 906 |
| 21:04 | Build | Mining Camp |
| 21:22 | Build | University |
| 21:55 | Build | Mining Camp |
| 22:18 | Build | Castle |
| 22:28 | Build | Farm |
| 23:30 | Research | Gillnets |
| 23:54 | Build | House |
| 23:55 | Build | House |
| 23:56 | Build | House |
| 23:57 | Build | House |
| 23:59 | Build | Town Center |
| 24:10 | Build | House |
| 24:10 | Build | House |
| 24:12 | Build | House |
| 24:14 | Build | House |
| 24:19 | Research | Treadmill Crane |
| 24:35 | Research | Imperial Age |
| 24:40 | Research | Wheelbarrow |
| 24:43 | Research | Town Watch |
| 24:52 | Research | Ballistics |
| 24:54 | Research | Murder Holes |
| 24:58 | Research | Careening |
| 24:59 | Research | Tech 908 |
| 25:14 | Research | Tech 908 |
| 25:36 | Research | Fortified Wall (upgrade) |
| 25:52 | Create | Villager (Male) ×5 |
| 25:52 | Create | Villager (Male) ×5 |
| 25:52 | Create | Villager (Male) ×5 |
| 26:10 | Build | Dock |
| 26:16 | Build | Dock |
| 26:26 | Build | Dock |
| 26:27 | Build | Dock |
| 26:34 | Build | Dock |
| 26:35 | Build | Dock |
| 26:49 | Build | Town Center |
| 27:31 | Research | Hand Cart |
| 27:45 | Age | Castle Age |
| 28:00 | Research | Chemistry |
| 28:05 | Research | Masonry |
| 28:08 | Research | Conscription |
| 28:17 | Create | Villager (Male) ×5 |
| 28:18 | Create | Villager (Male) ×5 |
| 28:55 | Build | Town Center |
| 29:10 | Build | Castle |
| 29:19 | Build | Farm |
| 29:41 | Create | Fishing Ship ×5 |
| 29:41 | Create | Fishing Ship ×5 |
| 29:41 | Create | Fishing Ship ×5 |
| 29:41 | Create | Fishing Ship ×5 |
| 29:42 | Create | Fishing Ship ×5 |
| 29:51 | Create | Villager (Male) ×5 |
| 29:51 | Create | Villager (Male) ×5 |
| 29:51 | Create | Villager (Male) ×5 |
| 29:51 | Create | Villager (Male) ×5 |
| 30:04 | Build | Castle |
| 30:26 | Research | War Galley (upgrade) |
| 30:28 | Create | Trade Cog |
| 31:08 | Build | Siege Workshop |
| 31:10 | Build | Siege Workshop |
| 31:13 | Build | Siege Workshop |
| 31:15 | Build | Siege Workshop |
| 31:16 | Build | Siege Workshop |
| 31:17 | Build | Siege Workshop |
| 31:19 | Build | Siege Workshop |
| 31:20 | Build | Siege Workshop |
| 31:23 | Build | Siege Workshop |
| 31:24 | Build | Siege Workshop |
| 31:33 | Create | Villager (Male) ×5 |
| 31:33 | Create | Villager (Male) ×5 |
| 31:34 | Create | Villager (Male) ×5 |
| 31:41 | Research | Galleon (upgrade) |
| 32:14 | Create | Villager (Male) ×5 |
| 32:14 | Create | Villager (Male) ×5 |
| 32:14 | Create | Villager (Male) ×5 |
| 32:31 | Create | Cannon Galleon |
| 32:35 | Create | Cannon Galleon ×5 |
| 32:35 | Create | Cannon Galleon ×5 |
| 32:47 | Build | Town Center |
| 34:20 | Create | Cannon Galleon ×5 |
| 34:20 | Create | Cannon Galleon ×5 |
| 34:21 | Create | Cannon Galleon ×2 |
| 34:42 | Build | Market |
| 34:43 | Build | Market |
| 34:45 | Build | Market |
| 34:46 | Build | Market |
| 34:52 | Build | Market |
| 34:56 | Build | Market |
| 35:22 | Build | House |
| 35:23 | Build | House |
| 35:25 | Build | House |
| 35:26 | Build | House |
| 35:27 | Build | House |
| 35:28 | Build | House |
| 35:31 | Build | House |
| 35:33 | Build | House |
| 35:35 | Build | House |
| 35:36 | Build | House |
| 35:39 | Build | House |
Build order — Robertmeister
First 150 of 834 actions detected
| 0:08 | Create | Villager (Male) |
| 0:08 | Create | Villager (Male) |
| 0:08 | Create | Villager (Male) |
| 0:08 | Create | Villager (Male) |
| 0:11 | Research | Double-Bit Axe |
| 0:15 | Research | Horse Collar |
| 0:18 | Build | Town Center |
| 0:34 | Create | Villager (Male) |
| 0:35 | Create | Villager (Male) |
| 0:35 | Create | Villager (Male) |
| 0:43 | Create | Villager (Male) |
| 0:43 | Create | Villager (Male) |
| 1:12 | Create | Villager (Male) |
| 1:12 | Create | Villager (Male) |
| 1:17 | Build | House |
| 1:18 | Build | House |
| 1:20 | Build | House |
| 1:26 | Build | House |
| 1:27 | Build | House |
| 1:28 | Build | House |
| 1:29 | Build | House |
| 1:33 | Build | House |
| 1:34 | Build | House |
| 1:35 | Build | House |
| 1:36 | Build | House |
| 1:37 | Build | House |
| 1:40 | Build | Palisade Wall |
| 1:56 | Create | Villager (Male) |
| 1:57 | Create | Villager (Male) |
| 1:57 | Create | Villager (Male) |
| 1:58 | Create | Villager (Male) |
| 1:58 | Create | Villager (Male) |
| 1:58 | Create | Villager (Male) |
| 2:25 | Build | House |
| 2:27 | Build | Palisade Wall |
| 2:36 | Create | Villager (Male) ×5 |
| 2:36 | Create | Villager (Male) ×5 |
| 2:43 | Build | Market |
| 2:44 | Build | House |
| 2:48 | Build | House |
| 2:52 | Build | House |
| 2:55 | Build | Blacksmith |
| 2:58 | Build | Stable |
| 3:09 | Build | Palisade Gate |
| 3:22 | Build | Palisade Gate |
| 3:24 | Build | House |
| 3:25 | Build | House |
| 3:26 | Build | House |
| 3:48 | Create | Villager (Male) |
| 3:48 | Create | Villager (Male) |
| 3:50 | Create | Villager (Male) |
| 3:50 | Create | Villager (Male) |
| 3:50 | Create | Villager (Male) |
| 3:52 | Create | Villager (Male) |
| 3:52 | Create | Villager (Male) |
| 3:58 | Build | Palisade Wall |
| 4:03 | Build | Palisade Wall |
| 4:13 | Create | Villager (Male) |
| 4:13 | Create | Villager (Male) |
| 4:13 | Create | Villager (Male) |
| 4:29 | Build | Mining Camp |
| 4:52 | Create | Villager (Male) |
| 4:52 | Create | Villager (Male) |
| 5:06 | Create | Villager (Male) |
| 5:15 | Build | Farm |
| 5:15 | Build | Farm |
| 5:15 | Build | Farm |
| 5:16 | Build | Farm |
| 5:16 | Build | Farm |
| 5:16 | Build | Farm |
| 5:16 | Build | Farm |
| 5:26 | Create | Scout Cavalry |
| 5:26 | Create | Scout Cavalry |
| 5:54 | Build | House |
| 6:00 | Build | Palisade Gate |
| 6:05 | Create | Villager (Male) |
| 6:05 | Create | Villager (Male) |
| 6:17 | Create | Scout Cavalry |
| 6:23 | Build | Farm |
| 6:23 | Build | Farm |
| 6:23 | Build | Farm |
| 6:23 | Build | Farm |
| 6:23 | Build | Farm |
| 6:24 | Build | Farm |
| 6:24 | Build | Farm |
| 6:24 | Build | Farm |
| 6:25 | Build | Farm |
| 6:32 | Create | Villager (Male) |
| 6:32 | Create | Villager (Male) |
| 7:08 | Create | Villager (Male) |
| 7:08 | Create | Villager (Male) |
| 7:15 | Build | Palisade Gate |
| 7:48 | Create | Villager (Male) |
| 7:48 | Create | Villager (Male) |
| 7:55 | Build | Mill |
| 7:56 | Build | Farm |
| 7:56 | Build | Farm |
| 7:57 | Build | Farm |
| 7:57 | Build | Farm |
| 7:57 | Build | Farm |
| 7:57 | Build | Farm |
| 7:58 | Build | Farm |
| 7:58 | Build | Farm |
| 7:58 | Build | Farm |
| 8:22 | Research | Wheelbarrow |
| 8:23 | Research | Town Watch |
| 8:23 | Research | Town Watch |
| 8:25 | Create | Villager (Male) |
| 8:25 | Create | Villager (Male) |
| 8:25 | Create | Villager (Male) |
| 8:36 | Research | Bloodlines |
| 8:36 | Research | Bloodlines |
| 8:36 | Create | Scout Cavalry |
| 8:36 | Create | Scout Cavalry |
| 9:22 | Build | Stable |
| 9:26 | Build | Archery Range |
| 9:28 | Build | Archery Range |
| 9:29 | Build | Archery Range |
| 9:31 | Build | Archery Range |
| 10:06 | Research | Castle Age |
| 10:09 | Create | Villager (Male) |
| 10:09 | Create | Villager (Male) |
| 10:24 | Build | Stable |
| 10:26 | Build | Stable |
| 10:32 | Build | Stable |
| 10:38 | Build | Palisade Gate |
| 10:40 | Build | Stable |
| 12:01 | Create | Villager (Male) ×5 |
| 12:01 | Create | Villager (Male) ×5 |
| 12:21 | Research | Scale Barding Armor |
| 12:21 | Research | Forging |
| 12:21 | Research | Padded Archer Armor |
| 12:21 | Research | Fletching |
| 12:42 | Build | Mining Camp |
| 12:47 | Build | Mill |
| 12:49 | Age | Feudal Age |
| 12:55 | Build | Castle |
| 13:00 | Research | Light Cavalry (upgrade) |
| 13:02 | Research | Thumb Ring |
| 13:17 | Build | House |
| 13:17 | Build | House |
| 13:21 | Build | House |
| 13:24 | Build | Palisade Gate |
| 13:27 | Build | House |
| 13:28 | Build | House |
| 13:31 | Build | Palisade Gate |
| 13:37 | Build | Town Center |
| 13:41 | Research | Hand Cart |
| 13:41 | Research | Hand Cart |
| 13:42 | Research | Bow Saw |
Build order — edmundleung0814
First 150 of 448 actions detected
| 0:41 | Build | Stable |
| 1:11 | Build | Mining Camp |
| 1:21 | Research | Horse Collar |
| 1:28 | Research | Gold Mining |
| 1:32 | Research | Stone Mining |
| 2:43 | Research | Wheelbarrow |
| 2:46 | Research | Town Watch |
| 3:19 | Build | House |
| 3:25 | Build | House |
| 3:31 | Build | House |
| 3:34 | Research | Bloodlines |
| 3:39 | Create | Scout Cavalry |
| 4:44 | Build | Market |
| 4:56 | Research | Double-Bit Axe |
| 7:46 | Research | Castle Age |
| 8:03 | Build | House |
| 8:08 | Build | House |
| 8:15 | Build | House |
| 8:23 | Build | House |
| 8:47 | Build | Mining Camp |
| 10:26 | Age | Feudal Age |
| 10:56 | Build | House |
| 11:02 | Build | House |
| 11:08 | Research | Light Cavalry (upgrade) |
| 11:10 | Research | Husbandry |
| 11:15 | Research | Heavy Plow |
| 11:26 | Research | Bow Saw |
| 11:55 | Create | Villager (Male) |
| 11:58 | Create | Villager (Male) |
| 12:15 | Research | Hand Cart |
| 12:18 | Research | Town Patrol |
| 12:53 | Build | House |
| 12:58 | Build | House |
| 13:05 | Build | House |
| 13:11 | Build | House |
| 13:16 | Build | House |
| 13:21 | Build | House |
| 13:26 | Build | House |
| 13:39 | Research | Man-at-Arms (upgrade) |
| 13:41 | Research | Pikeman (upgrade) |
| 13:43 | Research | Squires |
| 14:00 | Research | Caravan |
| 14:16 | Create | Villager (Male) |
| 14:18 | Create | Villager (Male) |
| 15:31 | Create | Steppe Lancer |
| 15:32 | Create | Steppe Lancer |
| 15:34 | Create | Steppe Lancer |
| 15:54 | Create | Steppe Lancer |
| 15:55 | Create | Steppe Lancer |
| 16:01 | Create | Steppe Lancer |
| 16:58 | Build | Siege Workshop |
| 17:22 | Create | Villager (Male) |
| 17:33 | Create | Villager (Male) |
| 17:35 | Create | Villager (Male) |
| 18:06 | Build | Castle |
| 18:26 | Research | Fletching |
| 18:28 | Research | Forging |
| 19:35 | Build | Stable |
| 19:58 | Research | Bodkin Arrow |
| 20:00 | Research | Scale Barding Armor |
| 20:39 | Build | Castle |
| 21:21 | Research | Silk Armor |
| 21:32 | Research | Gold Shaft Mining |
| 21:40 | Create | Villager (Male) |
| 22:55 | Build | Mining Camp |
| 23:24 | Build | Farm |
| 23:43 | Build | University |
| 24:13 | Build | Stable |
| 24:31 | Build | Farm |
| 24:48 | Research | Murder Holes |
| 24:55 | Research | Guard Tower (upgrade) |
| 25:29 | Build | Farm |
| 25:29 | Build | Farm |
| 25:33 | Build | Farm |
| 25:34 | Build | Farm |
| 25:50 | Build | Stable |
| 25:59 | Research | Long Swordsman (upgrade) |
| 26:01 | Research | Arson |
| 26:43 | Create | Villager (Male) |
| 26:57 | Create | Villager (Male) |
| 27:40 | Build | Siege Workshop |
| 27:54 | Build | Stable |
| 28:19 | Create | Villager (Male) |
| 28:38 | Create | Villager (Male) |
| 28:41 | Create | Villager (Male) |
| 28:45 | Create | Villager (Male) |
| 28:47 | Create | Villager (Male) |
| 28:49 | Create | Villager (Male) |
| 28:52 | Create | Villager (Male) |
| 29:21 | Build | Siege Workshop |
| 29:39 | Build | Farm |
| 29:55 | Create | Unit 1260 |
| 29:56 | Create | Unit 1260 |
| 29:57 | Create | Unit 1260 |
| 29:57 | Create | Unit 1260 |
| 29:58 | Create | Unit 1260 |
| 29:58 | Create | Unit 1260 |
| 29:59 | Create | Unit 1260 |
| 29:59 | Create | Unit 1260 |
| 29:59 | Create | Unit 1260 |
| 30:00 | Create | Unit 1260 |
| 30:35 | Build | Siege Workshop |
| 30:43 | Build | Siege Workshop |
| 32:07 | Build | Farm |
| 32:12 | Research | Heated Shot |
| 32:15 | Research | Ballistics |
| 32:17 | Research | Treadmill Crane |
| 32:20 | Research | Masonry |
| 33:23 | Build | Mining Camp |
| 33:31 | Create | Villager (Male) |
| 33:39 | Create | Villager (Male) |
| 33:42 | Create | Villager (Male) |
| 33:50 | Create | Villager (Male) |
| 33:51 | Create | Villager (Male) |
| 33:52 | Create | Villager (Male) |
| 33:52 | Create | Villager (Male) |
| 33:53 | Create | Villager (Male) |
| 33:53 | Create | Villager (Male) |
| 33:54 | Create | Villager (Male) |
| 33:54 | Create | Villager (Male) |
| 33:54 | Create | Villager (Male) |
| 34:26 | Build | Mining Camp |
| 34:44 | Build | Farm |
| 35:17 | Build | Mining Camp |
| 35:41 | Build | Mining Camp |
| 36:04 | Build | Farm |
| 36:27 | Build | Farm |
| 36:56 | Build | Farm |
| 38:11 | Build | Farm |
| 38:39 | Create | Villager (Male) |
| 38:43 | Research | Imperial Age |
| 39:22 | Build | Mining Camp |
| 39:33 | Create | Villager (Male) |
| 39:38 | Create | Villager (Male) |
| 39:40 | Create | Villager (Male) |
| 39:41 | Create | Villager (Male) |
| 39:43 | Create | Villager (Male) |
| 39:44 | Create | Villager (Male) |
| 39:46 | Create | Villager (Male) |
| 39:47 | Create | Villager (Male) |
| 39:48 | Create | Villager (Male) |
| 39:52 | Create | Villager (Male) |
| 40:05 | Research | Iron Casting |
| 40:07 | Research | Chain Barding Armor |
| 41:26 | Build | Castle |
| 42:08 | Create | Keshik |
| 42:08 | Create | Keshik |
| 42:09 | Create | Keshik |
| 42:09 | Create | Keshik |
| 42:10 | Create | Keshik |
Build order — Kib
First 150 of 2296 actions detected
| 0:03 | Research | Town Watch |
| 0:03 | Research | Wheelbarrow |
| 0:11 | Create | Villager (Male) |
| 0:12 | Create | Villager (Male) |
| 0:41 | Build | Dock |
| 1:04 | Build | Lumber Camp |
| 1:20 | Build | Market |
| 1:39 | Create | Villager (Male) |
| 1:40 | Create | Villager (Male) |
| 1:49 | Create | Fishing Ship |
| 1:49 | Create | Fishing Ship |
| 1:50 | Create | Fishing Ship |
| 2:05 | Create | Villager (Male) |
| 2:05 | Create | Villager (Male) |
| 2:17 | Build | House |
| 2:18 | Build | House |
| 2:19 | Build | House |
| 2:20 | Build | House |
| 2:28 | Research | Forging |
| 2:29 | Research | Scale Barding Armor |
| 2:38 | Build | Mining Camp |
| 2:59 | Build | Mining Camp |
| 3:26 | Create | Trade Cart |
| 3:38 | Create | Villager (Male) |
| 3:38 | Create | Villager (Male) |
| 3:38 | Create | Villager (Male) |
| 3:39 | Create | Villager (Male) |
| 4:01 | Build | Stable |
| 4:10 | Create | Villager (Male) |
| 4:10 | Create | Villager (Male) |
| 4:17 | Build | Mill |
| 4:47 | Create | Villager (Male) |
| 4:48 | Create | Villager (Male) |
| 4:55 | Build | Dock |
| 5:07 | Create | Villager (Male) |
| 5:16 | Build | House |
| 5:17 | Build | House |
| 5:18 | Build | House |
| 5:19 | Build | House |
| 5:32 | Create | Villager (Male) |
| 5:45 | Create | Fishing Ship |
| 5:46 | Create | Fishing Ship |
| 5:58 | Build | Stone Wall |
| 6:01 | Build | Gate |
| 6:08 | Create | Villager (Male) |
| 6:08 | Create | Villager (Male) |
| 6:18 | Build | House |
| 6:19 | Build | House |
| 6:25 | Research | Castle Age |
| 6:59 | Create | Villager (Male) |
| 7:00 | Create | Villager (Male) |
| 7:00 | Create | Villager (Male) |
| 7:00 | Create | Villager (Male) |
| 7:01 | Create | Villager (Male) |
| 7:01 | Create | Villager (Male) |
| 7:01 | Create | Villager (Male) |
| 7:14 | Create | Villager (Male) |
| 7:15 | Create | Villager (Male) |
| 7:15 | Create | Villager (Male) |
| 7:19 | Build | House |
| 7:20 | Build | House |
| 7:23 | Build | House |
| 7:25 | Build | House |
| 7:45 | Build | Farm |
| 8:19 | Build | Farm |
| 8:20 | Build | Farm |
| 8:22 | Build | Farm |
| 8:23 | Build | Farm |
| 8:53 | Build | Farm |
| 8:57 | Create | Villager (Male) |
| 8:57 | Create | Villager (Male) |
| 9:12 | Create | Camel Scout |
| 9:13 | Age | Feudal Age |
| 9:17 | Create | Villager (Male) |
| 9:18 | Create | Villager (Male) |
| 9:18 | Create | Villager (Male) |
| 9:33 | Build | Monastery |
| 9:38 | Research | Double-Bit Axe |
| 9:38 | Research | Double-Bit Axe |
| 10:09 | Build | Mining Camp |
| 10:16 | Create | Villager (Male) |
| 10:16 | Create | Villager (Male) |
| 10:30 | Build | Mining Camp |
| 10:38 | Research | Husbandry |
| 10:45 | Create | Villager (Male) |
| 10:45 | Create | Villager (Male) |
| 10:59 | Create | Monk |
| 11:15 | Build | Town Center |
| 11:51 | Research | Fervor |
| 11:58 | Build | Monastery |
| 12:04 | Create | Villager (Male) |
| 12:04 | Create | Villager (Male) |
| 12:05 | Create | Villager (Male) |
| 12:05 | Create | Villager (Male) |
| 12:15 | Create | Monk |
| 12:40 | Create | Villager (Male) |
| 12:40 | Create | Villager (Male) |
| 12:40 | Create | Villager (Male) |
| 12:41 | Create | Villager (Male) |
| 12:41 | Create | Villager (Male) |
| 12:41 | Create | Villager (Male) |
| 12:42 | Create | Villager (Male) |
| 12:42 | Create | Villager (Male) |
| 12:42 | Create | Villager (Male) |
| 12:54 | Build | Mill |
| 13:02 | Create | Monk |
| 13:11 | Create | Monk |
| 13:42 | Create | Camel Scout |
| 13:42 | Create | Camel Scout |
| 13:59 | Build | Castle |
| 14:05 | Research | Sanctity |
| 14:10 | Create | Villager (Male) |
| 14:11 | Create | Villager (Male) |
| 14:11 | Create | Villager (Male) |
| 14:11 | Create | Villager (Male) |
| 14:21 | Create | Fishing Ship |
| 14:21 | Create | Fishing Ship |
| 14:28 | Create | Villager (Male) |
| 14:29 | Create | Villager (Male) |
| 14:29 | Create | Villager (Male) |
| 14:34 | Build | House |
| 14:34 | Build | House |
| 14:35 | Build | House |
| 14:36 | Build | House |
| 14:45 | Build | Dock |
| 15:00 | Research | Light Cavalry (upgrade) |
| 15:13 | Create | Monk |
| 15:25 | Create | Villager (Male) |
| 15:25 | Create | Villager (Male) |
| 15:29 | Research | Bloodlines |
| 15:36 | Create | Fishing Ship |
| 15:36 | Create | Fishing Ship |
| 15:37 | Create | Fishing Ship |
| 15:53 | Research | Hand Cart |
| 15:57 | Create | Villager (Male) |
| 15:57 | Create | Villager (Male) |
| 16:03 | Build | Farm |
| 16:06 | Build | Farm |
| 16:11 | Build | Farm |
| 16:12 | Build | Farm |
| 16:12 | Build | Farm |
| 16:14 | Build | Farm |
| 16:15 | Build | Farm |
| 16:16 | Build | Farm |
| 16:17 | Build | Farm |
| 16:35 | Build | Farm |
| 16:43 | Build | Farm |
| 16:50 | Build | Farm |
| 16:55 | Create | Villager (Male) |
| 16:55 | Create | Villager (Male) |
Match timeline
| 0:16 | KABUSS · first_building Dock |
| 0:41 | Kib · first_building Dock |
| 0:41 | edmundleung0814 · first_building Stable |
| 1:15 | KABUSS · first_building Stable |
| 1:26 | kizilviran · wall_segment Stone Wall x31 |
| 1:40 | Robertmeister · wall_segment Palisade Wall x5 |
| 2:06 | Vincentimes · first_building Dock |
| 2:13 | kizilviran · first_building Dock |
| 2:27 | Robertmeister · wall_segment Palisade Wall x4 |
| 2:40 | KABUSS · first_building Archery Range |
| 2:58 | Robertmeister · first_building Stable |
| 3:58 | Robertmeister · wall_segment Palisade Wall x10 |
| 4:01 | Kib · first_building Stable |
| 4:03 | Robertmeister · wall_segment Palisade Wall x11 |
| 5:23 | KABUSS · age_up feudal |
| 5:35 | GOAT · age_up feudal |
| 5:58 | Kib · wall_segment Stone Wall x12 |
| 6:10 | kizilviran · wall_segment Stone Wall x12 |
| 7:11 | yusufbiceri · first_building Dock |
| 7:33 | Vincentimes · age_up feudal |
| 7:34 | GOAT · first_building Dock |
| 8:17 | Kib · first_market_buy 100 wood |
| 8:26 | kizilviran · wall_segment Stone Wall x13 |
| 9:05 | kizilviran · wall_segment Stone Wall x31 |
| 9:13 | Kib · age_up feudal |
| 9:20 | kizilviran · first_building Stable |
| 9:26 | Robertmeister · first_building Archery Range |
| 9:33 | Kib · first_building Monastery |
| 9:36 | yusufbiceri · age_up feudal |
| 9:59 | kizilviran · age_up feudal |
| 10:26 | edmundleung0814 · age_up feudal |
| 10:49 | Kib · first_market_sell 100 food |
| 11:09 | kizilviran · wall_segment Stone Wall x41 |
| 11:37 | edmundleung0814 · first_market_buy 100 food |
| 11:45 | kizilviran · first_market_buy 100 stone |
| 11:52 | kizilviran · first_building Castle |
| 12:26 | edmundleung0814 · first_market_sell 100 wood |
| 12:27 | yusufbiceri · first_building Monastery |
| 12:49 | Robertmeister · age_up feudal |
| 12:55 | Robertmeister · first_building Castle |
| 13:59 | Kib · first_building Castle |
| 16:43 | kizilviran · wall_segment Stone Wall x4 |
| 16:57 | KABUSS · first_building Monastery |
| 16:58 | edmundleung0814 · first_building Siege Workshop |
| 17:08 | kizilviran · first_building Monastery |
| 17:26 | GOAT · first_building Stable |
| 17:38 | Robertmeister · first_building Monastery |
| 18:06 | edmundleung0814 · first_building Castle |
| 18:16 | yusufbiceri · first_building Castle |
| 18:23 | GOAT · first_building Monastery |
| 18:30 | Vincentimes · first_building Castle |
| 18:56 | Vincentimes · first_building Monastery |
| 19:09 | kizilviran · wall_segment Stone Wall x32 |
| 19:12 | Vincentimes · wall_segment Stone Wall x35 |
| 19:19 | Vincentimes · wall_segment Stone Wall x22 |
| 20:10 | GOAT · wall_segment Stone Wall x30 |
| 21:16 | KABUSS · age_up castle |
| 21:44 | GOAT · first_building Castle |
| 22:03 | Vincentimes · first_market_buy 100 stone |
| 22:55 | KABUSS · first_building Castle |
| 24:09 | yusufbiceri · wall_segment Stone Wall x29 |
| 24:17 | yusufbiceri · wall_segment Stone Wall x2 |
| 24:22 | yusufbiceri · wall_segment Stone Wall x6 |
| 24:32 | yusufbiceri · wall_segment Stone Wall x19 |
| 24:45 | yusufbiceri · wall_segment Stone Wall x11 |
| 24:50 | yusufbiceri · wall_segment Stone Wall x18 |
| 25:04 | yusufbiceri · wall_segment Stone Wall x23 |
| 25:11 | yusufbiceri · wall_segment Stone Wall x17 |
| 25:13 | yusufbiceri · age_up castle |
| 25:42 | GOAT · age_up castle |
| 25:49 | Kib · age_up castle |
| 25:58 | GOAT · wall_segment Stone Wall x13 |
| 26:19 | Robertmeister · first_building Barracks |
| 26:41 | Kib · wall_segment Stone Wall x30 |
| 26:49 | kizilviran · wall_segment Stone Wall x6 |
| 26:51 | GOAT · wall_segment Stone Wall x25 |
| 27:10 | Robertmeister · age_up castle |
| 27:45 | Vincentimes · age_up castle |
| 29:17 | GOAT · wall_segment Stone Wall x7 |
| 29:24 | Robertmeister · first_building Dock |
| 30:07 | yusufbiceri · first_building Archery Range |
| 31:08 | Vincentimes · first_building Siege Workshop |
| 31:20 | Robertmeister · first_market_sell 500 food |
| 31:57 | Robertmeister · first_market_buy 100 wood |
| 32:15 | GOAT · wall_segment Stone Wall x31 |
| 35:20 | GOAT · wall_segment Stone Wall x9 |
| 35:36 | GOAT · wall_segment Stone Wall x11 |
| 37:44 | Kib · first_building Siege Workshop |
| 38:02 | GOAT · wall_segment Stone Wall x10 |
| 38:13 | kizilviran · age_up castle |
| 38:29 | GOAT · wall_segment Stone Wall x8 |
| 39:09 | kizilviran · wall_segment Stone Wall x50 |
| 40:06 | GOAT · wall_segment Stone Wall x13 |
| 40:57 | GOAT · wall_segment Stone Wall x11 |
| 41:41 | GOAT · wall_segment Stone Wall x4 |
| 41:47 | KABUSS · first_building Siege Workshop |
| 41:55 | Vincentimes · first_building Stable |
| 41:57 | GOAT · wall_segment Stone Wall x5 |
| 42:14 | edmundleung0814 · age_up castle |
| 42:43 | yusufbiceri · wall_segment Stone Wall x4 |
| 43:33 | GOAT · wall_segment Stone Wall x19 |
| 43:34 | kizilviran · wall_segment Stone Wall x22 |
| 43:52 | kizilviran · wall_segment Stone Wall x21 |
| 44:24 | GOAT · wall_segment Stone Wall x4 |
| 44:37 | GOAT · wall_segment Stone Wall x1 |
| 44:52 | GOAT · wall_segment Stone Wall x6 |
| 46:13 | kizilviran · wall_segment Stone Wall x12 |
| 48:26 | kizilviran · first_building Barracks |
| 49:01 | GOAT · wall_segment Stone Wall x24 |
| 49:08 | kizilviran · wall_segment Stone Wall x8 |
| 49:16 | kizilviran · wall_segment Stone Wall x41 |
| 49:24 | Kib · first_building Archery Range |
| 49:48 | GOAT · wall_segment Stone Wall x7 |
| 51:09 | kizilviran · wall_segment Stone Wall x30 |
| 51:15 | GOAT · first_building Barracks |
| 53:59 | kizilviran · first_building Siege Workshop |
| 54:13 | kizilviran · first_building Archery Range |
| 54:28 | edmundleung0814 · first_building Dock |
| 54:29 | GOAT · wall_segment Stone Wall x9 |
| 54:47 | kizilviran · wall_segment Stone Wall x40 |
| 55:03 | GOAT · wall_segment Stone Wall x10 |
| 56:53 | KABUSS · first_building Barracks |
| 60:24 | Robertmeister · first_building Siege Workshop |
| 62:50 | kizilviran · wall_segment Stone Wall x16 |
| 63:08 | KABUSS · wall_segment Stone Wall x50 |
| 65:04 | edmundleung0814 · first_building Monastery |
| 71:09 | Robertmeister · wall_segment Palisade Wall x1 |
| 71:09 | Robertmeister · wall_segment Palisade Wall x1 |
| 76:30 | kizilviran · wall_segment Stone Wall x18 |
| 77:04 | Kib · wall_segment Stone Wall x1 |
| 77:15 | Kib · wall_segment Stone Wall x38 |
| 94:27 | kizilviran · wall_segment Stone Wall x14 |
| 95:42 | Robertmeister · wall_segment Palisade Wall x1 |
| 96:38 | yusufbiceri · first_building Siege Workshop |
| 98:02 | Robertmeister · resign |
| 105:08 | Kib · wall_segment Stone Wall x12 |
| 109:04 | GOAT · first_building Siege Workshop |
| 109:17 | Kib · wall_segment Stone Wall x14 |
[ AI ANALYSIS · 1 CREDIT ]
What really happened in this match?
Wolo.gg analyzes every decision: build order, eco, micro, common mistakes by bracket. Personalized analysis on WhatsApp or Discord in 30 seconds.
Civ guide
Huns
Perfil
Jugador #12390139